 Dungeon Crawl Stone Soup version 0.29.1-15-g9cfb28693d (webtiles) character file.

Game seed: 5505562587299806970

52 Descartes the Sneak (level 3, 0/16 HPs)
             Began as a Spriggan Wanderer on Feb 25, 2023.
             Was a Believer of Fedhas.
             Slain by a worm (9 damage)
             ... on level 2 of the Dungeon.
             The game lasted 00:04:07 (2454 turns).

Descartes the Sneak (Spriggan Wanderer)             Turns: 2454, Time: 00:04:08

Health: 0/16       AC:  3    Str:  9    XL:     3   Next: 60%
Magic:  6/6        EV: 17    Int: 15    God:    Fedhas [**....]
Gold:   60         SH:  0    Dex: 13    Spells: 2/4 levels left

rFire   . . .      SeeInvis +   a - +0 dagger
rCold   . . .      Faith    .   (no shield)
rNeg    . . .      Spirit   .   c - +0 robe
rPois   .          Reflect  .   (helmet restricted)
rElec   .          Harm     .   d - +0 cloak
rCorr   .          Rampage  .   (gloves unavailable)
Will    .....                   (boots unavailable)
Stlth   +++.......              (no amulet)
HPRegen 0.05/turn               o - ring of wizardry
MPRegen 0.10/turn               (no ring)

@: very quick
A: very small, no large weapons, unfitting armour, see invisible, speed 3
a: Renounce Religion, Wall of Briars


You were on level 2 of the Dungeon.
You worshipped Fedhas.
Fedhas was pleased with you.
You visited 1 branch of the dungeon, and saw 2 of its levels.

You collected 60 gold pieces.

Inventory:

Hand Weapons
 a - a +0 dagger (weapon)
 b - a +0 sling
Missiles
 e - 3 poisoned darts (quivered)
Armour
 c - a +0 robe (worn)
 d - a +0 cloak (worn)
Jewellery
 o - a ring of wizardry (left hand)
Scrolls
 f - a scroll of noise {unknown}
 g - 3 scrolls of teleportation {unknown}
 i - 2 scrolls of fear {unknown}
 j - a scroll of identify {unknown}
Potions
 h - a potion of cancellation {unknown}
 k - a potion of lignification
 l - a potion of berserk rage {unknown}
 m - a potion of heal wounds {unknown}
 n - 2 potions of might {unknown}
 p - a potion of degeneration {unknown}


   Skills:
 + Level 1.3 Short Blades
 + Level 0.8 Ranged Weapons
 + Level 3.4 Dodging
 + Level 5.0 Stealth
 - Level 1.3 Spellcasting
 + Level 2.2 Necromancy
 - Level 1.5 Ice Magic
 + Level 0.8 Invocations


You had 2 spell levels left.
You knew the following spells:

 Your Spells              Type           Power      Damage    Failure   Level
a - Necrotise             Necr           28%        1d5       4%          1
b - Freeze                Ice            20%        1d4       5%          1

Your spell library contained the following spells:

 Spells                   Type           Power      Damage    Failure   Level
 Sublimation of Blood     Necr           7%         N/A       6%          2
 Ozocubu's Armour         Ice            5%         N/A       16%         3
 Corpse Rot               Necr/Pois/Air  3%         N/A       54%         4


Dungeon Overview and Level Annotations

Branches:
Dungeon (2/15)

Altars:
Fedhas


Innate Abilities, Weirdness & Mutations

You are very small and have problems with some larger weapons.
You are too small for most types of armour.
You have supernaturally acute eyesight. (SInv)
You cover ground extremely quickly. (Speed+++)


Message History

You barely miss the ball python.
The ball python is moderately wounded.
The ball python misses you. The ball python constricts you.
The ball python misses you. The ball python constricts you.
You hit the ball python.
You kill the ball python!
Fedhas appreciates your contribution to the ecosystem.
No target in view!
No target in view!
No target in view!
No target in view!
No target in view!
No target in view!
No target in view!
No target in view!
No target in view!
HP restored.
Found a dagger.
A worm is nearby!
You hit the worm.
The worm is lightly wounded.
You hit the worm.
The worm is lightly wounded.
The worm bites you.
You hit the worm.
The worm is lightly wounded.
You hit the worm.
The worm is moderately wounded.
The worm misses you.
You hit the worm.
The worm is moderately wounded.
You hit the worm but do no damage.
The worm is moderately wounded.
The worm bites you.
You hit the worm.
The worm is heavily wounded.
The worm bites you!
Ouch! That really hurt!
You die...
Fedhas appreciates your contribution to the ecosystem.

##.####.####.######.###.#†##
#.#.................<#
#.####S#.##.####.#.###.#.## #
#....w.#.##......#.# #....#
#.#####..#.##..###.#.########
#.....#..#.##..#............#
#........#..#.#...#####.##
#........#w.#.#......)#
#........#.@#.##..###.#
#........#..#.##..#
#........#..#.....#
#........#..#.###.#
...........|.....# #.#
#.###.........#..# #.# . .
.....#.......# .# ..
###.........#.# .# ...
....#.###.#.# .#


You could see a worm.

Vanquished Creatures
  2 adders (D:2)
  A worm (D:2)
  4 ball pythons
  6 endoplasms
  A giant cockroach (D:1)
  3 goblins
  A hobgoblin (D:2)
  A quokka (D:1)
  3 bats
  4 frilled lizards
  4 kobolds
  A rat (D:2)
31 creatures vanquished.

Notes
Turn   | Place    | Note
-------+----------+-------------------------------------------
     0 | D:1      | Descartes the Spriggan Wanderer began the quest for the
                  | Orb.
     0 | D:1      | Descartes set off with the following items: a +0 dagger, a
                  | potion of lignification, a +0 robe, a +0 cloak; and the
                  | following spells available to memorise: Necrotise, Freeze,
                  | Sublimation of Blood, Ozocubu's Armour, Corpse Rot.
     0 | D:1      | Reached XP level 1. HP: 9/9 MP: 3/3
   213 | D:1      | Learned a level 1 spell: Necrotise
   215 | D:1      | Learned a level 1 spell: Freeze
   223 | D:1      | Found a faded altar of an unknown god.
   229 | D:1      | Prayed at the altar of an unknown god.
   229 | D:1      | Became a worshipper of Fedhas Madash
   229 | D:1      | Reached * piety under Fedhas
   414 | D:1      | Reached XP level 2. HP: 13/13 MP: 5/5
   861 | D:1      | Reached skill level 1 in Short Blades
  1133 | D:2      | Reached XP level 3. HP: 16/16 MP: 6/6
  1288 | D:2      | Reached skill level 5 in Stealth
  1572 | D:2      | Reached ** piety under Fedhas
  2454 | D:2      | Slain by a worm

Illustrated notes

Levels and vault maps discovered:
D:1:      tarquinn_simple_flora_water_b, layout_loops_cross,
          hellmonk_ecumenical_altar_leap_of_faith
D:2:      layout_basic

Skill      XL: |  1  2  3 |
---------------+----------+-----
Dodging        | 3 |  3.4
Necromancy     | 2 |  2.2
Short Blades   | 1 |  1.3
Stealth        | 5 |  5.0
Ranged Weapons | |  0.8
Spellcasting   | |  1.3
Ice Magic      | |  1.5
Invocations    | |  0.8

Action                   || total
-------------------------++-------
Melee: Dagger            ||   140
       Punch             ||     3
 Cast: Necrotise         ||     5
 Stab: Sleeping          ||    10
       Distracted        ||     1
Armor: Robe              ||    16
Dodge: Dodged            ||   133
